 Dungeon Crawl Stone Soup version 0.30-a0-457-g4b7bca3bfa (webtiles) character file.

Game seed: 11325628717628621238

1611 Nedwor the Cutter (level 8, 0/59 (62) HPs)
             Began as a Demonspawn Gladiator on Dec 13, 2022.
             Killed by divine providence
             ... invoked by an orc priest
              (9 damage)
             ... on level 6 of the Dungeon.
             The game lasted 00:11:59 (4875 turns).

Nedwor the Cutter (Demonspawn Gladiator)            Turns: 4875, Time: 00:11:59

HP:   0/59 (62)     AC: 13    Str: 16    XL:     8   Next: 63%
MP:   0/8           EV: 10    Int: 10    God:
Gold: 197           SH:  8    Dex: 21    Spells: 7/7 levels left

rFire   . . .      SeeInvis .    s - +4 short sword (venom)
rCold   . . .      Faith    .    x - +0 buckler
rNeg    . . .      Spirit   +    m - +0 chain mail
rPois   .          Reflect  .    d - +0 helmet
rElec   .          Harm     .    o - +0 cloak
rCorr   .          Rampage  .    i - +0 pair of gloves
Will    .....                    (no boots)
Stlth   ..........               g - amulet of guardian spirit
HPRegen 0.29/turn                q - +6 ring of dexterity
MPRegen 0.11/turn                p - ring of flight

@: corroded, flying, lightly drained
A: icemail 1, sturdy frame 1, condensation shield, demonic touch 2
a: no special abilities


You were on level 6 of the Dungeon.
You visited 1 branch of the dungeon, and saw 6 of its levels.
You also visited: Sewer.

You collected 197 gold pieces.

Inventory:

Hand Weapons
 s - a +4 short sword of venom (weapon)
Armour
 d - a +0 helmet (worn)
 i - a +0 pair of gloves (worn)
 m - a +0 chain mail (worn)
 o - a +0 cloak (worn)
 x - a +0 buckler (worn)
Jewellery
 g - an amulet of guardian spirit (around neck)
 p - a ring of flight (right hand)
 q - a +6 ring of dexterity (left hand)
 u - an amulet of magic regeneration
Wands
 b - a wand of light (5)
Scrolls
 a - a scroll of summoning {unknown}
 f - 2 scrolls of amnesia
 j - 3 scrolls of fog
 k - 5 scrolls of fear
 l - 6 scrolls of teleportation
 n - a scroll of identify
 v - a scroll of immolation {unknown}
Potions
 c - a potion of berserk rage {unknown}
 e - a potion of curing
 h - 3 potions of flight
 r - 2 potions of cancellation
 t - a potion of brilliance {unknown}
 w - 5 potions of invisibility {unknown}


   Skills:
 + Level 5.1 Fighting
 * Level 6.9 Short Blades
 - Level 1.7 Throwing
 + Level 4.2 Armour
 + Level 5.2 Dodging


You had 7 spell levels left.
You didn't know any spells.
Your spell library contained the following spells:

 Spells                   Type           Power      Damage    Failure   Level
 Sting                    Tmut/Pois      0%         1d3       99%         1
 Poisonous Vapours        Pois/Air       0%         N/A       99%         2
 Olgreb's Toxic Radiance  Pois           0%         N/A       100%        4


Dungeon Overview and Level Annotations

Branches:
Dungeon (6/15)              Sewer (visited)
 Temple: D:4-7

Altars:
Dithmenos
Trog
Uskayaw
Yredelemnul


Innate Abilities, Weirdness & Mutations

A meltable icy envelope protects you from harm. (AC +4)
Your movements are slightly less encumbered by armour. (ER -2)
A meltable shield of frost defends you. (SH +4)
Your touch may inflict irresistible damage on your foes.


Message History

The orc is heavily wounded.
The orc hits you with a +0 trident!
* * * LOW HITPOINT WARNING * * *
You block the jelly's attack.
The wight hits you from afar with a +0 trident.
* * * LOW HITPOINT WARNING * * *
You hit the orc.
You kill the orc!
The jelly hits you but does no damage. The wight hits you but does no damage.
Items here: $ ))) [ †.
You feel better. The jelly hits you but does no damage.
The wight barely misses you. The wight attacks as you move away!
The wight hits you with a +0 trident.
You feel drained. The wight barely misses you.
Things that are here:
a +0 dagger; a +0 robe The jelly hits you but does no damage.
The wight closely misses you.
You see here a +0 giant spiked club.
The jelly attacks as you move away! The jelly misses you.
You hit the jelly but do no damage.
The jelly is poisoned.
Your hands burn!
The jelly is moderately wounded.
Your icy envelope is restored.
You block the jelly's attack.
The wight hits you from afar with a +0 trident.
* * * LOW HITPOINT WARNING * * *
You hit the jelly.
Your hands burn!
* * * LOW HITPOINT WARNING * * *
The jelly is severely wounded.
You block the jelly's attack. The wight hits you but does no damage.
You hit the jelly.
Your hands burn!
* * * LOW HITPOINT WARNING * * *
The jelly is severely wounded.
You hit the jelly.
You kill the jelly!
You block the wight's attack.
You hit the orc priest but do no damage.
The orc priest is poisoned.
The orc priest invokes the aid of Beogh against you.
Beogh smites you!
You die...

###########<.........#
###....................#
###...#########..........#
#...### #..)......## #.###
#..........# #.#
#.†......<.# #.#
#..........# #.#
#..........# #.#
#.@........# ..#
##o.......## ###
##z......## #..#######
########### ##).#
#.........# #)).#
..........# #)#.#
.......<.># #...#
)########## ##..##


You could see a wight and an orc priest (very poisoned).

Vanquished Creatures
  A black bear (D:5)
  A centaur (D:5)
  An ogre (D:6)
  3 kobold brigands (Sewer)
  2 necrophages
  2 bullfrogs (D:6)
  2 scorpions (D:5)
  2 wights (D:6)
  A howler monkey (D:6)
  A hound (D:6)
  2 jellies
  2 orc priests
  3 iguanas
  Natasha (twice) (D:3)
  3 orc wizards (D:6)
  6 gnolls (D:5)
  2 river rats (Sewer)
  5 adders
  3 white imps (D:6)
  An ufetubus (D:3)
  5 worms (Sewer)
  3 dart slugs
  19 orcs
  5 bats
  8 endoplasms
  7 giant cockroaches
  6 goblins
  9 hobgoblins
  4 quokkas (D:3)
  5 ball pythons
  13 kobolds
  7 rats
136 creatures vanquished.

Vanquished Creatures (others)
  2 fungi (D:1)
  A plant (D:1)
3 creatures vanquished.

Grand Total: 139 creatures vanquished

Notes
Turn   | Place    | Note
-------+----------+-------------------------------------------
     0 | D:1      | Nedwor the Demonspawn Gladiator began the quest for the
                  | Orb.
     0 | D:1      | Reached XP level 1. HP: 16/16 MP: 1/1
   161 | D:1      | Gained mutation: A meltable shield of frost defends you.
                  | (SH +4) [demonic ancestry]
   161 | D:1      | Reached XP level 2. HP: 20/22 MP: 2/2
   169 | D:1      | Reached skill level 3 in Short Blades
   355 | D:1      | Found a faded altar of an unknown god.
   685 | D:2      | Gained mutation: Your touch may inflict minor irresistible
                  | damage on your foes. [demonic ancestry]
   685 | D:2      | Reached XP level 3. HP: 7/28 MP: 3/3
   814 | D:2      | Reached skill level 1 in Armour
  1308 | D:3      | Gained mutation: A meltable icy envelope protects you from
                  | harm. (AC +4) [demonic ancestry]
  1308 | D:3      | Reached XP level 4. HP: 9/34 MP: 0/4
  1504 | D:3      | Found a glowing drain.
  1533 | Sewer    | Entered a sewer
  1636 | Sewer    | Noticed a kobold brigand
  1659 | Sewer    | Killed a kobold brigand
  1660 | Sewer    | Reached skill level 4 in Short Blades
  1660 | Sewer    | Gained mutation: Your movements are slightly less
                  | encumbered by armour. (ER -2) [demonic ancestry]
  1660 | Sewer    | Reached XP level 5. HP: 39/41 MP: 5/5
  2033 | Sewer    | Gained mutation: Your touch may inflict irresistible damage
                  | on your foes. [demonic ancestry]
  2033 | Sewer    | Reached XP level 6. HP: 39/47 MP: 4/6
  2876 | D:3      | Noticed Natasha
  2881 | D:3      | Killed Natasha
  2980 | D:3      | Noticed Natasha
  2990 | D:3      | Killed Natasha
  3180 | D:4      | Found a shadowy altar of Dithmenos.
  3314 | D:4      | Found a bloodstained altar of Trog.
  3435 | D:4      | Reached skill level 5 in Short Blades
  3641 | D:5      | Entered Level 5 of the Dungeon
  3678 | D:5      | Reached XP level 7. HP: 50/53 MP: 7/7
  4205 | D:5      | Found a hide-covered altar of Uskayaw.
  4251 | D:5      | Found a basalt altar of Yredelemnul.
  4412 | D:6      | Reached skill level 6 in Short Blades
  4412 | D:6      | Reached XP level 8. HP: 45/61 MP: 5/8
  4543 | D:6      | Reached skill level 5 in Dodging
  4847 | D:6      | Reached skill level 5 in Fighting
  4875 | D:6      | Killed from afar by an orc priest

Illustrated notes

Levels and vault maps discovered:
D:1:      minmay_arrival_checkered_box, layout_loops_cross,
          shapermc_ecumenical_altar_mp_urbaneastern
D:2:      layout_basic, guppyfry_early_orc_mine
D:3:      layout_basic, gup_sewer_entry_pipe, uniq_natasha
D:4:      layout_rooms, lemuel_crystal_altar, nicolae_dithmenos_shadow_blocks
D:5:      layout_cave_pools, nicolae_overflow_hidden_temple
D:6:      layout_rooms, mainiacjoe_overflow_24_doors, minmay_temple_entry_glass

Skill      XL: |  1  2  3  4  5  6  7  8 |
---------------+-------------------------+-----
Short Blades   | 3 4 5 6 |  6.9
Dodging        | 3 4 5 |  5.2
Armour         | 1 2 3 4 |  4.2
Fighting       | 3 4 5 |  5.1
Throwing       | |  1.7

Action                   |  1- 3 |  4- 6 |  7- 9 || total
-------------------------+-------+-------+-------++-------
Melee: Rapier            |   133 |   186 |       ||   319
       Punch             |     3 |     1 |       ||     4
       Touch             |    13 |    27 |       ||    40
       Short sword       |       |    57 |   199 ||   256
  Use: Scroll            |       |    11 |     1 ||    12
       Potion            |       |       |     3 ||     3
 Stab: Sleeping          |     1 |       |       ||     1
Armor: Leather armour    |    21 |       |       ||    21
       Chain mail        |    28 |   101 |   135 ||   264
Dodge: Dodged            |    79 |    73 |    69 ||   221
Block: Other             |    20 |    26 |       ||    46
       Buckler           |       |    15 |    70 ||    85

Table legend: (Time is in decaauts)
 A = Elapsed time spent in this place.
 B = Non-inter-level travel time spent in this place.
 C = Inter-level travel time spent in this place.
 D = Time resting spent in this place.
 E = Time spent auto-exploring this place.
 F = Levels seen in this place.
 G = Mean time per level.
                   A        B        C        D        E       F      G
               +--------+--------+--------+--------+--------+-----+--------+
         Total |   4936 |   4812 |    124 |    422 |   3234 |   7 |  705.1 |
       Dungeon |   4082 |   3958 |    124 |    336 |   2725 |   6 |  680.3 |
         Sewer |    854 |    854 |      0 |     86 |    508 |   1 |  854.0 |
               +--------+--------+--------+--------+--------+-----+--------+

Top non-repeatable levels by time:
     D:3: 1188 daAuts
   Sewer: 854 daAuts
     D:5: 693 daAuts
     D:1: 628 daAuts
     D:2: 620 daAuts
     D:4: 500 daAuts
     D:6: 451 daAuts
